 Dungeon Crawl Stone Soup version 0.17-a0-1129-g5854844 (webtiles) character file.

87 Hanyuu the Insei (level 4, 0/28 HPs)
             Began as an Octopode Transmuter on May 24, 2015.
             Slain by a worm (5 damage)
             ... on level 3 of the Dungeon.
             The game lasted 00:04:03 (2114 turns).

Hanyuu the Insei (Octopode Transmuter)              Turns: 2114, Time: 00:04:03

Health: 0/28       AC:  2    Str:  9    XL:     4   Next: 51%
Magic:  4/7        EV: 19    Int: 16    God:
Gold:   104        SH:  0    Dex: 17    Spells: 3 memorised, 1 level left

rFire  . . .     SeeInvis .       - Unarmed
rCold  . . .     Clarity  .     (shield currently unavailable)
rNeg   . . .     SustAt   .     (helmet currently unavailable)
rPois  x         Gourm    .     (no amulet)
rElec  .         Spirit   .     (no ring)
rCorr  .         Warding  .     (no ring)
rMut   .         Stasis   .     (no ring)
MR     .....                    (no ring)
Stlth  ++........               (no ring)
                                (no ring)
                                (no ring)
                                (no ring)

@: spider-form (expiring), not resistant to hostile enchantments, unstealthy
A: almost no armour, amphibious, 8 rings, (constrict 8), (camouflage 0),
(gelatinous body 0)
a: End Transformation


You were on level 3 of the Dungeon.
You were not hungry.
You were a venomous arachnid creature.
You visited 1 branch of the dungeon, and saw 3 of its levels.

You collected 104 gold pieces.

Inventory:

Missiles
 a - 41 arrows
Scrolls
 e - a scroll of teleportation {unknown}
 j - 2 scrolls of identify {unknown}
Potions
 d - 4 potions of heal wounds {unknown}
 f - a potion of resistance {unknown}
 g - a potion of agility {unknown}
 i - a potion of haste {unknown}
 l - a potion of lignification {unknown}
 m - a potion of poison {unknown}
Books
 b - a book of Changes

   Spells                             Type                      Level
   a - Beastly Appendage              Transmutation                1
   b - Sticks to Snakes               Transmutation                2
   c - Spider Form                    Transmutation/Poison         3
   d - Ice Form                       Ice/Transmutation            4
   e - Blade Hands                    Transmutation                5
Comestibles
 c - 4 bread rations
 h - 2 chunks of flesh
 k - a meat ration


   Skills:
 + Level 1.1 Fighting
 - Level 2.0 Dodging
 * Level 5.1 Unarmed Combat
 - Level 2.0 Spellcasting
 + Level 2.0 Transmutations


You had one spell level left.
You knew the following spells:

 Your Spells              Type           Power        Failure   Level  Hunger
a - Beastly Appendage     Trmt           #.....       24%         1    #......
b - Sticks to Snakes      Trmt           #.........   32%         2    ###....
c - Spider Form           Trmt/Pois      #.........   61%         3    ###....


Dungeon Overview and Level Annotations

Branches:
Dungeon (3/15)

Altars:
Zin


Innate Abilities, Weirdness & Mutations

You cannot wear most types of armour.
You are amphibious.
You can wear up to eight rings at the same time.
((You can use your tentacles to constrict eight enemies at once.))
((Your skin changes colour to match your surroundings (Stealth).))
((Your rubbery body absorbs attacks (AC +1).))


Message History

You hit the adder.
The adder is poisoned.
The adder is almost dead.
The adder closely misses you.
You bite the adder!
You kill the adder!
Your transformation is almost over.
The worm bites you.
* * * LOW HITPOINT WARNING * * *
You see here an adder corpse.
You hit the worm.
The worm is poisoned.
The worm is lightly wounded.
You hit the worm.
The worm is moderately wounded.
The worm misses you.
You hit the worm.
The worm looks even sicker.
The worm is heavily wounded.
You hit the worm but do no damage.
The worm is severely wounded.
The worm bites you.
You die...

.#.#################
#......<............
.#.########.>.......
#.######.. #s#
#..w.......
#.###.#.### #. <# #
#


You could see a worm.

Vanquished Creatures
  A gnoll (D:1)
  3 adders
  A worm (D:2)
  A giant gecko (D:2)
  A ball python (D:2)
  6 goblins
  6 hobgoblins
  4 jackals (D:1)
  8 bats
  A giant cockroach (D:1)
  A giant newt (D:2)
  6 kobolds
  5 rats (D:2)
44 creatures vanquished.

Notes
Turn   | Place    | Note
--------------------------------------------------------------
     0 | D:1      | Hanyuu the Octopode Transmuter began the quest for the Orb.
     0 | D:1      | Reached XP level 1. HP: 13/13 MP: 3/3
   132 | D:1      | Reached XP level 2. HP: 11/18 MP: 3/5
   312 | D:1      | Reached skill level 4 in Unarmed Combat
   496 | D:1      | Reached XP level 3. HP: 15/23 MP: 6/6
   500 | D:1      | Learned a level 2 spell: Sticks to Snakes
   504 | D:1      | Learned a level 3 spell: Spider Form
  1186 | D:2      | Found a glowing silver altar of Zin.
  1842 | D:2      | Reached XP level 4. HP: 23/28 MP: 7/7
  1879 | D:2      | Reached skill level 5 in Unarmed Combat
  2114 | D:3      | Slain by a worm

Vault maps used:
D:1:      dpeg_arrival_radiant, kennysheep_another_room,
          hangedman_abyss_or_decor_lesser_grid, supply_closet_lemuel,
          hangedman_decor_clover_reticule
D:2:      zin_treasury, grunt_decor_one_mirror
D:3:      fedhas_altar_fruit_tree

Action                   |  1- 3 |  4- 6 || total
-------------------------+-------+-------++-------
Melee: Unarmed           |    88 |    23 ||   111
 Cast: Beastly Appendage |     1 |       ||     1
       Spider Form       |       |     1 ||     1
  Use: Scroll            |     3 |       ||     3
 Stab: Sleeping          |     7 |     2 ||     9
  Eat: Chunk             |     3 |     1 ||     4
